 Dungeon Crawl Stone Soup version 0.23.0 (webtiles) character file.

Game seed: 4676001377324929389

154 elfaar the Conjurer (level 5, 0/35 HPs)
             Began as a Draconian Conjurer on Feb 17, 2019.
             Was a Follower of Hepliaklqana.
             Slain by an ogre
             ... wielding a +0 giant club
              (15 damage)
             ... on level 4 of the Dungeon.
             The game lasted 00:40:39 (2911 turns).

elfaar the Conjurer (Draconian Conjurer)            Turns: 2911, Time: 00:40:39

Health: 0/35       AC:  5    Str: 10    XL:     5   Next: 13%
Magic:  3/9        EV: 12    Int: 16    God:    Hepliaklqana [*.....]
Gold:   130        SH:  0    Dex: 12    Spells: 4/10 levels left

rFire    . . .     SeeInvis .   c - +1 club
rCold    . . .     Gourm    +   (no shield)
rNeg     . . .     Faith    .   (armour unavailable)
rPois    .         Spirit   .   (helmet restricted)
rElec    .         Reflect  .   (no cloak)
rCorr    .         Harm     .   (no gloves)
MR       .....                  (no boots)
Stlth    ++........             a - amulet of the gourmand
HPRegen  0.11/turn              (no ring)
MPRegen  0.11/turn              (no ring)

@: very slightly contaminated
A: unfitting armour, reduced essence, hooves 1, blink, cold-blooded, AC +5
a: Blink, Recall Ancestor, Ancestor Identity, Renounce Religion


You were on level 4 of the Dungeon.
You worshipped Hepliaklqana.
Hepliaklqana was aware of your devotion.
You were very full.

You visited 1 branch of the dungeon, and saw 4 of its levels.

You collected 130 gold pieces.

Inventory:

Hand Weapons
 c - a +1 club (weapon)
Missiles
 m - 102 stones (quivered)
Armour
 f - a +0 hat
Jewellery
 a - an amulet of the gourmand (around neck)
Wands
 n - a wand of random effects (15)
Scrolls
 d - a scroll of enchant armour
Potions
 e - a potion of haste {unknown}
 g - a potion of lignification {unknown}
 h - 2 potions of curing
 j - a potion of flight {unknown}
 k - a potion of heal wounds {unknown}
 l - a potion of brilliance {unknown}
Comestibles
 b - 7 rations


   Skills:
 + Level 0.3 Fighting
 + Level 1.1 Maces & Flails
 + Level 0.1 Throwing
 + Level 2.5 Dodging
 + Level 2.4 Stealth
 + Level 3.0 Spellcasting
 + Level 4.9 Conjurations


You had 4 spell levels left.
You knew the following spells:

 Your Spells              Type           Power        Failure   Level  Hunger
a - Magic Dart            Conj           ###.         2%          1    #......
b - Searing Ray           Conj           ###...       3%          2    ##.....
c - Dazzling Spray        Conj/Hex       ##....       21%         3    ###....

Your spell library contained the following spells:

 Spells                   Type           Power        Failure   Level  Hunger
 Iskenderun's Mystic Bla  Conj           ###.....     24%         4    #####..
 Force Lance              Conj/Tloc      ##......     56%         4    #####..
 Fulminant Prism          Conj/Hex       ##........   56%         4    #####..


Dungeon Overview and Level Annotations

Branches:
Dungeon (4/15)
 Temple: D:4-7

Altars:
Hepliaklqana
Okawaru
Xom
Yredelemnul


Innate Abilities, Weirdness & Mutations

Your plain brown scales are hard. (AC +5)
You cannot fit into any form of body armour.
You are cold-blooded and may be slowed by cold attacks.
Your life essence is reduced to manifest your ancestor. (-10% HP)
You have large cloven feet.
You can translocate small distances at will.


Message History

There is a stone staircase leading down here.
You climb downwards.
The ogre closely misses you. The ogre misses you.
There is a stone staircase leading up here.
Casting: Magic Dart (safe; 2% risk of failure)
Confirm with . or Enter, or press ? or * to list all spells.
Aiming: Dazzling Spray (safe; 21% risk of failure)
Press: ? - help, Shift-Dir - straight line You miscast Dazzling Spray.
You are very lightly contaminated with residual magic.
The air around you crackles with energy!
Casting: Dazzling Spray (safe; 21% risk of failure)
Confirm with . or Enter, or press ? or * to list all spells.
Aiming: Dazzling Spray (safe; 21% risk of failure)
Press: ? - help, Shift-Dir - straight line You miscast Dazzling Spray.
Your skin tingles.
The ogre hits you with a +0 giant club!!
Ouch! That really hurt!
Illuratum barely misses the ogre.
The ogre hits you with a +0 giant club!
You die...

#...# ..## #...# ..## #...#
###..### #..<# ###......###
##..## ##<.........## ###
#...# #............# ##..
#...# #............# #...
#...# #............## ##...
#...# #...@R.[......###....
#...##.....O.........##....
##...#............#........
#...##..........##........
#...##..........#.........
##.#####.......##.###.....
## ####..##### ##.... ####
##... ###.


You could see the friendly Illuratum the ancestor and an ogre.

Vanquished Creatures
  An adder (D:2)
  An ooze (D:2)
  An adder skeleton (D:4)
  2 worms
  A leopard gecko (D:3)
  2 giant cockroaches
  12 goblins
  7 hobgoblins
  2 jackals
  3 ball pythons
  10 bats
  2 frilled lizards
  7 kobolds
  A quokka skeleton (D:4)
  7 rats
59 creatures vanquished.

Vanquished Creatures (collateral kills)
  A worker ant (D:4)
  3 adders (D:3)
  A worm (D:4)
  2 leopard geckos (D:3)
  2 orcs (D:3)
  A goblin (D:2)
  A hobgoblin (D:3)
  A bat (D:3)
  A rat (D:3)
13 creatures vanquished.

Vanquished Creatures (others)
  An ancestor (D:4)
1 creature vanquished.

Grand Total: 73 creatures vanquished

Notes
Turn   | Place    | Note
-------+----------+-------------------------------------------
     0 | D:1      | elfaar the Draconian Conjurer began the quest for the Orb.
     0 | D:1      | Reached XP level 1. HP: 14/14 MP: 3/3
   147 | D:1      | Reached XP level 2. HP: 14/20 MP: 1/5
   369 | D:1      | Learned a level 2 spell: Searing Ray
   722 | D:2      | Reached XP level 3. HP: 26/26 MP: 4/6
   727 | D:2      | Learned a level 3 spell: Dazzling Spray
   771 | D:2      | Found a shimmering altar of Xom.
   903 | D:2      | HP: 1/26 [poisoned by an adder]
  1009 | D:2      | Found a hazy altar of Hepliaklqana.
  1014 | D:2      | Became a worshipper of Hepliaklqana the Forgotten
  1185 | D:2      | Reached skill level 1 in Maces & Flails
  1225 | D:3      | Gained mutation: You can translocate small distances at
                  | will. [potion of mutation]
  1225 | D:3      | Gained mutation: You have large cloven feet. [potion of
                  | mutation]
  1689 | D:3      | Found an iron altar of Okawaru.
  1698 | D:3      | Found a basalt altar of Yredelemnul.
  1785 | D:3      | Reached XP level 4. HP: 29/29 MP: 4/7
  1999 | D:3      | Reached * piety under Hepliaklqana
  2149 | D:4      | Reached XP level 5. HP: 26/35 MP: 3/9
  2383 | D:4      | Noticed an ogre
  2911 | D:4      | Slain by an ogre

Skill      XL: |  1  2  3  4 |
---------------+-------------+-----
Dodging        | 2 |  2.5
Maces & Flails | 1 |  1.1
Stealth        | 2 |  2.4
Spellcasting   | 3 |  3.0
Fighting       | |  0.3
Throwing       | |  0.1
Conjurations   | |  4.9

Action                   |  1- 3 |  4- 6 || total
-------------------------+-------+-------++-------
Melee: Unarmed           |    17 |       ||    17
       Club              |    48 |    13 ||    61
       Tailslap          |     4 |     2 ||     6
       Kick              |       |     5 ||     5
Throw: Stone             |     8 |     8 ||    16
 Cast: Magic Dart        |    64 |    35 ||    99
       Searing Ray       |     3 |     1 ||     4
       Dazzling Spray    |     2 |       ||     2
Invok: Recall Ancestor   |     1 |       ||     1
       Ancestor Identity |     1 |       ||     1
Evoke: Wand              |     1 |       ||     1
  Use: Scroll            |     7 |     1 ||     8
       Potion            |     2 |       ||     2
 Stab: Invisible         |     1 |       ||     1
  Eat: Chunk             |    19 |     3 ||    22
Armor: Skin              |    28 |     1 ||    29
Dodge: Dodged            |    94 |    18 ||   112
